Map: Dusty Gorge

Players

Shakuras

  • Race: Protoss Protoss
  • League: Gold
  • Spawn Location: 11:00

buraqqqo

  • Race: Protoss Protoss
  • Spawn Location: 9:00

ILIEKEGGPIE - Winner!

  • Race: Protoss Protoss
  • League: Platinum
  • Spawn Location: 5:00

BizMac - Winner!

  • Race: Protoss Protoss
  • League: Platinum
  • Spawn Location: 3:00

VOD

Have the link to the VOD?

Description

Time

  • Played on: April 27, 2018, 6:44 p.m.
  • Length: 9:29
Show
View Real Time Build Order
Export as new Build Order

Shakuras Protoss 

Build Orders: Cannon Rush 

Get SALT Encoding   

  12  0:00  Probe  
  13  0:08  Probe  
  14  0:20  Pylon  
  14  0:32  Probe  
  15  0:43  Forge  
  15  0:54  Probe  
  16  0:58  Assimilator  
  16  1:06  Probe  
  17  1:24  Pylon  
  17  1:31  Pylon  
  17  1:34  Pylon  
  17  1:39  Pylon  
  17  1:43  Photon Cannon  
  17  1:50  Photon Cannon  
  17  1:52  Photon Cannon  
  17  2:01  Pylon  
  17  2:10  Photon Cannon  
  17  2:20  Pylon  
  17  2:27  Photon Cannon  
  17  2:32  Probe  
  18  2:43  Photon Cannon  
  18  3:01  Pylon  
  18  3:23  Photon Cannon  
  18  3:24  Photon Cannon  
  18  3:27  Gateway  
  18  3:30  Probe  
  19  3:38  Probe  
  19  3:42  Assimilator  
  19  3:47  Probe  
  21  4:07  Zealot  
  21  4:14  Pylon  
  23  4:38  Gateway  
  23  4:41  Zealot  
  23  4:46  Photon Cannon  
  23  4:47  Photon Cannon  
  23  4:55  Probe  
  23  4:59  Pylon  
  24  5:06  Cybernetics Core  
  24  5:17  Zealot  
  26  5:36  Probe  
  27  5:56  Stargate  
  25  5:58  Stargate  
  25  6:01  Photon Cannon  
  25  6:10  Stalker  
  27  6:17  Photon Cannon  
  27  6:28  Void Ray  
  27  6:31  Void Ray  
  27  6:41  Pylon  
  35  7:01  Zealot  
  35  7:03  Void Ray  
  37  7:13  Void Ray  
  45  7:37  Zealot  
  47  7:46  Phoenix  
  49  8:00  Void Ray  
  53  8:24  Void Ray  
  57  8:46  Pylon  
  57  8:48  Pylon  
Show
View Real Time Build Order
Export as new Build Order

buraqqqo Protoss 

Build Orders: Cannon Rush, Double Forge 

Get SALT Encoding   

  12  0:02  Probe  
  14  0:14  Probe  
  14  0:22  Pylon  
  14  0:26  Probe  
  15  0:40  Probe  
  16  0:44  Forge  
  16  0:51  Pylon  
  16  1:01  Probe  
  16  1:03  Pylon  
  17  1:13  Probe  
  18  1:19  Photon Cannon  
  18  1:28  Photon Cannon  
  18  1:33  Probe  
  19  1:42  Photon Cannon  
  19  1:45  Probe  
  20  1:47  Photon Cannon  
  20  1:56  Photon Cannon  
  20  2:05  Photon Cannon  
  20  2:08  Probe  
  21  2:16  Assimilator  
  21  2:31  Photon Cannon  
  21  2:35  Photon Cannon  
  21  2:50  Photon Cannon  
  21  3:10  Pylon  
  21  3:13  Probe  
  21  3:16  Assimilator  
  22  3:26  Probe, Photon Cannon  
  23  3:31  Photon Cannon  
  23  3:32  Photon Cannon  
  23  3:49  Gateway  
  23  3:50  Gateway  
  23  4:03  Photon Cannon  
  23  4:10  Photon Cannon  
  23  4:29  Forge  
  22  5:07  Nexus  
  22  5:17  Zealot x2  
  26  5:22  Probe  
  26  5:27  Photon Cannon  
  27  5:30  Photon Cannon  
  27  5:45  Zealot x2  
  31  5:55  Pylon  
  28  6:15  Photon Cannon  
  28  6:17  Assimilator  
  28  6:27  Photon Cannon  
  28  6:39  Probe  
  29  6:45  Protoss Shields Level 1  
  29  6:49  Probe  
  30  6:57  Probe  
  31  7:03  Cybernetics Core  
  31  7:05  Probe  
  32  7:18  Probe  
  33  7:28  Gateway  
  33  7:30  Probe  
  34  7:42  Probe  
  35  7:54  Probe  
  36  8:13  Zealot x2  
  36  8:18  Probe  
  41  8:28  Pylon  
  41  8:30  Probe  
  42  8:36  Zealot  
  42  8:40  Zealot x2  
  48  8:42  Probe  
  48  8:43  Assimilator  
  48  8:47  Assimilator  
  49  8:52  Twilight Council, Probe  
  50  9:00  Probe  
  50  9:05  Assimilator  
  50  9:09  Probe  
Show
View Real Time Build Order
Export as new Build Order

ILIEKEGGPIE Protoss - Winner!

Build Orders:  

Get SALT Encoding   

  12  0:01  Probe  
  13  0:16  Pylon  
  13  0:19  Probe  
  14  0:35  Gateway  
  14  0:40  Gateway  
  14  0:47  Assimilator, Probe  
  15  1:00  Probe  
  16  1:11  Probe  
  17  1:19  Probe  
  17  1:23  Gateway  
  18  1:27  Probe  
  19  1:43  Pylon  
  19  2:05  Cybernetics Core  
  19  2:10  Probe  
  20  2:42  Stalker x2, Pylon  
  20  2:43  Pylon  
  20  2:45  Pylon  
  20  2:48  Warp Gate  
  24  2:51  Gateway  
  24  3:07  Forge  
  24  3:31  Stalker  
  24  3:32  Stalker  
  28  3:36  Shield Battery  
  28  3:40  Photon Cannon  
  28  3:48  Stalker  
  30  4:04  Shield Battery  
  30  4:21  Probe  
  31  4:33  Probe  
  32  4:45  Probe  
  32  4:47  Protoss Ground Weapons Level 1  
  35  5:02  Probe  
  35  5:06  Assimilator  
  34  5:14  Probe  
  35  5:26  Probe  
  36  5:35  Nexus  
  36  5:38  Probe  
  36  5:42  Stalker x3  
  43  6:18  Stalker, Pylon  
  43  6:19  Stalker  
  47  6:37  Shield Battery  
  47  6:40  Shield Battery  
  47  6:51  Photon Cannon  
  47  6:58  Stalker x3  
  53  7:10  Probe  
  54  7:21  Cybernetics Core  
  55  7:22  Probe  
  55  7:23  Gateway  
  55  7:35  Probe  
  56  7:49  Shield Battery, Probe  
  56  7:50  Probe  
  58  7:52  Stalker  
  58  7:53  Stalker x2  
  64  8:01  Probe  
  64  8:02  Probe  
  64  8:09  Probe  
  62  8:14  Probe  
  64  8:21  Stalker x2  
  64  8:22  Stalker  
  64  8:26  Probe  
  70  8:29  Pylon  
  70  8:30  Pylon  
  70  8:42  Pylon  
  70  8:44  Probe, Pylon  
  70  8:46  Assimilator  
  70  8:48  Probe  
  70  8:51  Assimilator  
  72  8:56  Probe  
  71  9:21  Pylon  
Show
View Real Time Build Order
Export as new Build Order

BizMac Protoss - Winner!

Build Orders:  

Get SALT Encoding   

  12  0:04  Probe  
  13  0:16  Probe  
  14  0:22  Pylon  
  14  0:29  Probe  
  15  0:37  Probe  
  16  0:46  Gateway  
  16  0:53  Probe  
  17  1:04  Pylon  
  17  1:05  Probe  
  17  1:11  Assimilator  
  18  1:17  Probe  
  19  1:25  Gateway  
  19  1:53  Zealot  
  19  4:22  Nexus  
  19  5:41  Assimilator  
  19  5:45  Assimilator  
  19  5:46  Pylon  
  19  6:17  Cybernetics Core  
  18  6:25  Nexus  
  18  6:41  Probe  
  19  6:53  Probe  
  20  7:05  Probe  
  21  7:24  Warp Gate  
  21  7:38  Robotics Facility  
  21  7:45  Probe  
  22  7:57  Probe  
  23  8:02  Stalker  
  23  8:07  Pylon  
  25  8:27  Forge  
  25  8:32  Gateway  
  25  8:38  Gateway  
  25  8:41  Immortal  
  29  9:23  Nexus  
Tags
 
Add a new tag
Caveats
  • Supply blocks, unpowered buildings, or Contaminate may cause inaccurate times.
  • Supply counts are checked every 10 seconds.